 Dungeon Crawl Stone Soup version 0.19.1-1-g22dce08 (webtiles) character file.

15579 esteth the Nimble (level 12, -5/89 HPs)
             Began as a Merfolk Ice Elementalist on Jan 13, 2017.
             Was a Priest of Sif Muna.
             Slain by Rupert
             ... wielding a +4 great mace of protection
              (30 damage)
             ... on level 5 of the Lair of Beasts on Jan 14, 2017.
             The game lasted 01:01:50 (19271 turns).

esteth the Nimble (Merfolk Ice Elementalist)       Turns: 19271, Time: 01:01:50

Health: -5/89      AC: 11    Str:  8    XL:     12   Next: 28%
Magic:  2/17       EV: 19    Int: 19    God:    Sif Muna [***...]
Gold:   559        SH:  4    Dex: 15    Spells: 4 memorised, 5 levels left

rFire  . . .     SeeInvis .     A - +1 trident
rCold  + . .     Gourm    .     E - +1 leather armour {rC+}
rNeg   . . .     Faith    .     (no shield)
rPois  .         Spirit   .     w - +0 helmet
rElec  .         Reflect  +     (no cloak)
rCorr  .         Harm     .     m - +0 pair of gloves
MR     .....                    (no boots)
Stlth  ++........               y - +4 amulet of reflection
                                J - +3 ring of protection
                                p - +2 ring of protection

@: no status effects
A: change form in water, swift swim, stealthy swim
a: Divine Energy, Channel Magic, Renounce Religion


You were on level 5 of the Lair of Beasts.
You worshipped Sif Muna.
Sif Muna was most pleased with you.
You were very hungry.

You visited 3 branches of the dungeon, and saw 14 of its levels.

You collected 790 gold pieces.
You spent 231 gold pieces at shops.

Inventory:

Hand Weapons
 r - a +0 hunting sling
 A - a +1 trident (weapon)
Missiles
 s - 427 stones (quivered)
Armour
 m - a +0 pair of gloves (worn)
 n - a +0 buckler
 w - a +0 helmet (worn)
 E - a +1 leather armour of cold resistance (worn)
Jewellery
 a - an uncursed ring of fire
 p - a +2 ring of protection (left hand)
 y - a +4 amulet of reflection (around neck)
 C - a +2 ring of strength
 I - a +2 ring of protection
 J - a +3 ring of protection (right hand)
Wands
 q - a wand of confusion (12/48)
 K - a wand of iceblast (5/15)
 M - a wand of slowing (25/48)
 O - a wand of lightning (10/15)
 Q - a wand of flame (29/48)
 S - a wand of disintegration (13/24)
 U - a wand of digging (12/24)
Scrolls
 d - 4 scrolls of teleportation
 f - 3 scrolls of recharging
 h - 4 scrolls of remove curse
 j - 4 scrolls of magic mapping
 t - a scroll of enchant armour
 x - 7 scrolls of identify
 B - 2 scrolls of blinking
 R - a scroll of amnesia
 T - 2 scrolls of fear
 V - a scroll of enchant weapon
 W - a scroll of fog
Potions
 e - a potion of lignification
 g - a potion of magic {unknown}
 i - a potion of cancellation {unknown}
 k - 2 potions of might
 o - 3 potions of ambrosia {unknown}
 v - a potion of mutation {unknown}
 z - 2 potions of brilliance {unknown}
 D - a potion of resistance {unknown}
 F - a potion of berserk rage {unknown}
 N - a potion of flight {unknown}
Books
 b - a book of Frost

   Spells                             Type                      Level
   a - Freeze                         Ice                          1
   b - Throw Frost                    Conjuration/Ice              2
   c - Ozocubu's Armour               Charms/Ice                   3
   d - Throw Icicle                   Conjuration/Ice              4
   e - Summon Ice Beast               Ice/Summoning                4
 l - a book of Necromancy

   Spells                             Type                      Level
   a - Pain                           Necromancy                   1
   b - Animate Skeleton               Necromancy                   1
   c - Vampiric Draining              Necromancy                   3
   d - Regeneration                   Charms/Necromancy            3
   e - Animate Dead                   Necromancy                   4
   f - Control Undead                 Necromancy                   4
 P - a Young Poisoner's Handbook

   Spells                             Type                      Level
   a - Sting                          Conjuration/Poison           1
   b - Mephitic Cloud                 Conjuration/Poison/Air       3
   c - Olgreb's Toxic Radiance        Poison                       4
   d - Alistair's Intoxication        Transmutation/Poison         5
   e - Venom Bolt                     Conjuration/Poison           5
Comestibles
 c - 3 bread rations {@e1}
 u - 7 meat rations {@e2}
 G - 26 fruits
 H - 3 beef jerkies
 X - 5 chunks of flesh {@w0}


   Skills:
 - Level 6.4 Fighting
 - Level 11.3 Polearms
 - Level 11.9 Dodging
 - Level 2.1 Stealth
 - Level 3.4 Spellcasting
 - Level 0.7 Conjurations
 - Level 7.9 Summonings
 + Level 6.4 Necromancy
 - Level 10.0 Ice Magic


You had 5 spell levels left.
You knew the following spells:

 Your Spells              Type           Power        Failure   Level  Hunger
a - Freeze                Ice            ####         1%          1    None
b - Summon Ice Beast      Ice/Summ       #####...     8%          4    ####...
c - Mephitic Cloud        Conj/Pois/Air  #.......     63%         3    ###....
d - Animate Dead          Necr           N/A          17%         4    ####...


Dungeon Overview and Level Annotations

Branches:
Dungeon (8/15)             Temple (1/1) D:5            Lair (5/6) D:8
 Shoals (0/4) Lair:2        Snake (0/4) Lair:4
  Slime: Lair:5-6

Altars:
Ashenzari
Dithmenos
Elyvilon
Fedhas
Gozag
Kikubaaqudgha
Makhleb
Nemelex Xobeh
Okawaru
Qazlal
Ru
Sif Muna
Trog
Uskayaw
Xom
Yredelemnul
The Shining One

Shops:
D:6 *

Annotations:
D:3 Yoshimo's ghost, amateur DgWz
D:4 theAP's ghost, novice HOFi
Lair:2 exclusion: oklob plant
Lair:5 1 exclusion, Rupert


Message History

Press: ? - help, Shift-Dir - straight line, f/p - Rupert
Aim: Rupert, wielding a great mace of protection and wearing a runed scale mail (heavily wounded, fast)
You freeze Rupert.
Rupert is heavily wounded.
Your ice beast hits Rupert but does no damage.
Your ice beast closely misses Rupert.
Rupert hits you with a great mace of protection!!
Casting: Freeze
Confirm with . or Enter, or press ? or * to list all spells.
Aiming: Freeze
Press: ? - help, Shift-Dir - straight line, f/p - Rupert
Aim: Rupert, wielding a great mace of protection and wearing a runed scale mail (heavily wounded, fast)
You freeze Rupert.
Rupert is heavily wounded.
Your ice beast barely misses Rupert. x2
Rupert hits you with a great mace of protection!!
* * * LOW HITPOINT WARNING * * *
You feel better.
Your ice beast barely misses Rupert.
Rupert hits you with a great mace of protection!!
You die...

.P.......PP#.##..#..#.....
.#PP..P.PP.P....#........#
...P..<.PP.............##
#..P...P.............###
.......÷.........÷...#
........%...........##
.....................#
....................##
................@@Y##
..............÷.Y.Y.#
.....................#
>.....>.........[.......
..#..##..##....[...P.....
.#.......#.#..........$.$..
.PP...#.....#..............
..P..........#........###..
...##.....#.P........## ##


You could see Rupert and 3 friendly ice beasts.

Vanquished Creatures
  A hydra (Lair:4)
  Pikel (D:4)
  6 elephants
  7 spiny frogs
  A rime drake (Lair:3)
  3 komodo dragons
  Prince Ribbit (D:5)
  4 blink frogs (Lair:5)
  2 hippogriffs
  6 yaks
  4 water moccasins
  2 orc warriors
  5 porcupines
  3 ice beasts
  A phantom (D:7)
  2 ogres (D:8)
  A wolf (Lair:2)
  4 crocodiles
  A big kobold (D:8)
  10 bullfrogs
  A scorpion (D:8)
  An electric eel (D:6)
  A crimson imp (D:5)
  A bullfrog zombie (D:6)
  A jelly (D:5)
  A hound (D:7)
  5 orc priests
  3 iguanas
  Ijyb (D:2)
  2 orc wizards
  5 worker ants
  A hound zombie (D:6)
  3 gnolls
  5 adders
  A shadow imp (D:7)
  An ooze (D:4)
  An adder skeleton (D:7)
  2 dart slugs
  A worm (D:2)
  2 leopard geckos
  17 orcs
  6 giant cockroaches
  8 goblins
  13 hobgoblins
  3 jackals
  A quokka (D:3)
  2 ball pythons
  5 bats
  2 frilled lizards
  10 kobolds
  A leopard gecko zombie (D:5)
  A quokka skeleton (D:5)
  A quokka zombie (D:7)
  8 rats
  A butterfly (Lair:2)
183 creatures vanquished.

Vanquished Creatures (collateral kills)
  2 hydras
  A catoblepas (Lair:5)
  3 elephants
  Joseph (D:7)
  A spiny frog (Lair:2)
  3 komodo dragons
  3 blink frogs (Lair:5)
  A wyvern (Lair:2)
  6 yaks
  2 basilisks
  A hungry ghost (D:8)
  A water moccasin (D:8)
  3 porcupines
  An orc warrior (D:8)
  4 wolves (Lair:2)
  2 ogres
  A phantom (D:6)
  2 crocodiles
  3 bullfrogs
  A howler monkey (D:6)
  2 orc priests (D:5)
  An orc wizard (D:6)
  2 gnolls (D:6)
  An adder (D:5)
  9 orcs
  A giant cockroach (D:5)
  2 kobolds (D:8)
60 creatures vanquished.

Vanquished Creatures (others)
  A centaur (D:7)
  Robin (D:4)
  3 goblins (D:4)
  3 hobgoblins (D:4)
  2 fungi (Lair:5)
  2 plants
12 creatures vanquished.

Grand Total: 255 creatures vanquished

Notes
Turn   | Place    | Note
-------+----------+-------------------------------------------
     0 | D:1      | esteth the Merfolk Ice Elementalist began the quest for the Orb.
     0 | D:1      | Reached XP level 1. HP: 13/13 MP: 3/3
   422 | D:1      | Reached XP level 2. HP: 19/19 MP: 1/5
  1163 | D:1      | Reached XP level 3. HP: 24/24 MP: 4/6
  2001 | D:2      | Found a shimmering altar of Xom.
  2012 | D:2      | Found a shimmering altar of Xom.
  2012 | D:2      | Found a shimmering altar of Xom.
  2012 | D:2      | Found a shimmering altar of Xom.
  2012 | D:2      | Found a shimmering altar of Xom.
  2123 | D:2      | Reached skill level 5 in Ice Magic
  2281 | D:2      | Noticed Ijyb
  2339 | D:2      | Killed Ijyb
  2339 | D:2      | Reached XP level 4. HP: 20/30 MP: 0/7
  2520 | D:3      | Noticed Yoshimo's ghost (amateur DgWz)
  3070 | D:3      | Found a stormy altar of Qazlal.
  3171 | D:3      | Found an iron altar of Okawaru.
  3281 | D:3      | Reached XP level 5. HP: 35/35 MP: 6/8
  3303 | D:3      | Found a faded altar of an unknown god.
  3880 | D:4      | Noticed a slave
  3882 | D:4      | Noticed a slave
  3883 | D:4      | Noticed Pikel
  3890 | D:4      | Noticed a slave
  3891 | D:4      | Noticed a slave
  3922 | D:5      | Entered Level 5 of the Dungeon
  4123 | D:4      | Killed Pikel
  4123 | D:4      | Reached XP level 6. HP: 17/41 MP: 1/9
  4123 | D:4      | Reached XP level 7. HP: 19/46 MP: 1/10
  4219 | D:4      | Killed Robin
  4337 | D:4      | Noticed theAP's ghost (novice HOFi)
  4551 | D:4      | HP: 2/46 [theAP's ghost (1)]
  4867 | D:5      | Found a staircase to the Ecumenical Temple.
  4867 | D:5      | Noticed Prince Ribbit
  4900 | D:5      | Killed Prince Ribbit
  4900 | D:5      | Reached skill level 10 in Ice Magic
  4907 | Temple   | Entered the Ecumenical Temple
  5286 | Temple   | Became a worshipper of Sif Muna the Loreminder
  5333 | D:5      | Learned a level 4 spell: Summon Ice Beast
  5411 | D:5      | Reached XP level 8. HP: 13/52 MP: 11/11
  6212 | D:5      | Found a shadowy altar of Dithmenos.
  6417 | D:5      | Reached * piety under Sif Muna
  6432 | D:5      | Found a stormy altar of Qazlal.
  7158 | D:6      | Found Imisio's General Store.
  7166 | D:6      | Bought a +3 ring of protection for 231 gold pieces
  7247 | D:6      | Found a sparkling altar of Nemelex Xobeh.
  7273 | D:6      | Reached skill level 1 in Polearms
  7958 | D:7      | Noticed Joseph
  8293 | D:7      | Reached skill level 5 in Dodging
  8293 | D:7      | Reached XP level 9. HP: 44/57 MP: 7/12
  8579 | D:7      | Reached skill level 5 in Polearms
  9231 | D:7      | Found a glowing golden altar of the Shining One.
  9388 | D:7      | Killed Joseph
 10356 | D:8      | Reached skill level 10 in Dodging
 10541 | D:8      | Found a staircase to the Lair.
 10772 | D:8      | Noticed an elephant
 10801 | D:8      | Killed an elephant
 10801 | D:8      | Reached XP level 10. HP: 29/63 MP: 3/13
 11629 | D:8      | Reached ** piety under Sif Muna
 11814 | Lair:1   | Entered Level 1 of the Lair of Beasts
 11855 | D:8      | HP: 1/63 [yak (13)]
 12944 | Lair:1   | Noticed a spiny frog
 12963 | Lair:1   | Killed a spiny frog
 12963 | Lair:1   | Reached skill level 10 in Polearms
 13525 | Lair:1   | Noticed a spiny frog
 13543 | Lair:1   | Killed a spiny frog
 13719 | Lair:1   | Found a shimmering altar of Xom.
 13759 | Lair:1   | Reached skill level 1 in Fighting
 13766 | Lair:1   | Noticed a death yak
 13776 | Lair:1   | Noticed a death yak
 13776 | Lair:1   | Noticed a death yak
 13776 | Lair:1   | Noticed a death yak
 13852 | Lair:2   | Reached XP level 11. HP: 66/75 MP: 11/16
 14075 | Lair:2   | Reached skill level 5 in Fighting
 14162 | Lair:2   | Found a shimmering altar of Xom.
 14162 | Lair:2   | Noticed an oklob plant
 14227 | Lair:2   | Found a staircase to the Shoals.
 15038 | Lair:3   | Learned a level 3 spell: Mephitic Cloud
 15053 | Lair:3   | Noticed a five-headed hydra
 15063 | Lair:3   | Killed a five-headed hydra
 15063 | Lair:3   | Reached skill level 5 in Summonings
 15745 | Lair:2   | Learned a level 4 spell: Animate Dead
 16681 | Lair:4   | Reached *** piety under Sif Muna
 16681 | Lair:4   | Reached skill level 1 in Necromancy
 16912 | Lair:4   | Noticed a five-headed hydra
 16934 | Lair:4   | Killed a five-headed hydra
 17379 | Lair:4   | Found a staircase to the Snake Pit.
 17908 | Lair:5   | Noticed a six-headed hydra
 17917 | Lair:5   | Killed a six-headed hydra
 17997 | Lair:5   | Reached XP level 12. HP: 86/89 MP: 17/17
 18387 | Lair:5   | Reached skill level 5 in Necromancy
 18640 | Lair:5   | Reached **** piety under Sif Muna
 18942 | Lair:5   | Learned a level 1 spell: Freeze
 18963 | Lair:5   | Noticed a death yak
 18964 | Lair:5   | Noticed a death yak
 19005 | Lair:5   | Noticed a catoblepas
 19034 | Lair:5   | Killed a catoblepas
 19245 | Lair:5   | Noticed Rupert
 19271 | Lair:5   | Slain by Rupert

Skill      XL: |  1  2  3  4  5  6  7  8  9 10 11 12 |
---------------+-------------------------------------+-----
Ice Magic      | 4 5 6 9 10 | 10.0
Summonings     | 2 4 7 |  7.9
Polearms       | 4 5 11 | 11.3
Dodging        | 5 11 | 11.9
Spellcasting   | 3 |  3.4
Fighting       | 3 6 |  6.4
Necromancy     | 4 6 |  6.4
Stealth        | |  2.1
Conjurations   | |  0.7

Action                   |  1- 3 |  4- 6 |  7- 9 | 10-12 || total
-------------------------+-------+-------+-------+-------++-------
Melee: Unarmed           |    24 |     9 |       |       ||    33
       Dagger            |       |    26 |       |       ||    26
       Spear             |       |    20 |       |       ||    20
       Trident           |       |     7 |   321 |   493 ||   821
 Cast: Freeze            |    64 |    50 |   156 |   139 ||   409
       Summon Ice Beast  |       |       |    25 |    64 ||    89
Invok: Forget Spell      |       |       |       |     1 ||     1
  Use: Scroll            |       |     8 |    11 |     3 ||    22
       Potion            |       |       |     4 |     6 ||    10
 Stab: Sleeping          |       |     1 |     3 |     4 ||     8
       Distracted        |       |       |       |     4 ||     4
       Petrified         |       |       |       |     1 ||     1
  Eat: Chunk             |     5 |     7 |    24 |    27 ||    63
       Bread ration      |       |       |     2 |       ||     2
       Meat ration       |       |       |       |     2 ||     2
       Fruit             |       |       |       |     3 ||     3
Armor: Robe              |    26 |    21 |    31 |       ||    78
       Leather armour    |       |       |    82 |    80 ||   162
Dodge: Dodged            |    79 |    58 |   252 |   348 ||   737
Block: Other             |       |    14 |    81 |    71 ||   166
       Reflection        |       |     3 |     7 |     1 ||    11
